← All builds
Suicide front / Armada / Economy first / OBSERVED BUILD

Mace bot assault

Armada Suicide front build order · Supreme Isthmus

An economy-first start rushes Mace out of the Bot Lab from around 2:02, well ahead of the role's norm, to push a stronger bot assault into the middle before shifting to the usual mixed army.

#rush #push · 108 distinct matches · 30 players · 3% of Armada Suicide front games · team won 53% of 110 · Recently observed

THE CATCH, AND WHAT COMES WITH IT
  • MaceT1 bot assault from 2:02 · 11% of role by thenFrom the Bot Lab. Only 11% of Suicide front games have it by then; others who build it get it around 2:10
  • MaceMace in 85%5% of all Suicide front games by then

Where those units first fight, in 110 games with kill data: in the middle 98%.

Those units destroy a typical 2,880 metal of enemy units by 15:00.

Then transitions into rocketeer (8% of army).

HOW TO PLAY IT

Key timing: Mace by 2:03

  1. Open single mex straight into Bot Lab by 0:44.
  2. Grab more mex and wind while lab keeps producing.
  3. Push Mace-led bot assault into middle ahead of schedule.
  4. Keep reinforcing with Mace, add Centurion for anti-swarm.
  5. Transition into usual Centurion/Blitz mix with T2 cons.

Phase by phase

TYPICAL OF ITS 108 GAMES · AGAINST STANDARD SUICIDE FRONT
  1. 1
  2. 2
  3. 3
  4. 4
PLAY THE OPENING

Follow the example game's first 6:00 step by step: what to build now, what comes next, and where it goes. At 1× it keeps pace with your own game.

  1. 1

    Up to the Bot Lab

    Economy
    • Metal Extractor2Mex
    Order
    1. Bot LabBot Lab after 2 mexdone ~0:42, middle half 0:27–0:58

    Some games also: Sentry (33%)

    By 0:25 in all: 2 mex

    The example game in this phase · 1 step
    1. Bot LabBot Labdone 0:20 · typical 0:42
  2. 2

    Bot Lab to T1 bot assault

    Economy
    • Metal Extractor2Mex
    Order
    1. MaceT1 bot assault after 3 mex, 1 wind
    Builders
    • Construction Bot2 Con bot
    • Lazarus2 Lazarus
    Army
    • Sentry1 Sentry
    • Centurion1 Centurion

    Some games also: wind (43%) · Radar Tower (42%) · tick (35%)

    By 2:02 in all: 3 mex · 1 wind

    The example game in this phase · 17 steps
    1. Wind
    2. TickTick
    3. Wind
    4. TickTick ×2
    5. LazarusLazarus
    6. Mex
    7. PawnPawn ×2
    8. Wind
    9. PawnPawn
    10. Construction BotCon bot ×2
    11. LazarusLazarus
    12. Construction BotCon bot
    13. Mex
    14. Construction BotCon bot
    15. CenturionCenturion
    16. Mex ×2
    17. MaceMacedone 3:02
  3. 3

    T1 bot assault to 5:00

    Economy
    • Metal Extractor2Mex
    • Wind Turbine5Wind+2 vs standard
    Builders
    • Construction Bot1 Con bot
    • Lazarus1 Lazarus
    Army
    • Sentry2 Sentry
    • Mace11 Mace +11 vs standard

    Some games also: Radar Tower (45%) · con turret (44%) · Beamer (43%)

    The standard build makes here, this one skips: 15 rocketeer

    By 5:00 in all: 5 mex · 6 wind (standard 4)

    The example game in this phase · 13 steps
    1. Mex ×2
    2. MaceMace
    3. Radar TowerRadar Tower
    4. Converter
    5. MaceMace ×3
    6. LazarusLazarus
    7. Converter
    8. Construction BotCon bot
    9. CenturionCenturion
    10. Wind
    11. Mex
    12. Wind
    13. MaceMace
  4. 4

    5:00 to 10:00

    Economy
    • Metal Extractor1Mex
    • Wind Turbine16Wind
    Builders
    • Construction Turret2 Con turret
    • Lazarus3 Lazarus
    Army
    • Mace12 Mace +12 vs standard

    Some games also: con bot (38%) · Sentry (35%) · rocketeer (34%) · Radar Tower (34%) · Beamer (33%)

    The standard build makes here, this one skips: 8 rocketeer

    By 10:00 in all: 6 mex · 21 wind · 2 con turret

    The example game in this phase · 50 steps
    1. MaceMace
    2. Wind
    3. LazarusLazarus
    4. CenturionCenturion
    5. Wind
    6. LazarusLazarus
    7. CenturionCenturion
    8. Con turret
    9. LazarusLazarus
    10. Mex
    11. Con turret
    12. Wind ×2
    13. CenturionCenturion
    14. Wind ×10
    15. PawnPawn
    16. Wind ×2
    17. Advanced Metal ExtractorT2 mexdone 8:42 · typical 10:25
    18. PawnPawn
    19. Wind ×2
    20. PawnPawn
    21. Wind ×3
    22. PawnPawn
    23. Wind
    24. Advanced Metal ExtractorT2 mex
    25. Construction BotCon bot
    26. Wind ×2
    27. PawnPawn
    28. Mex
    29. Wind
    30. Mex
    31. PawnPawn
    32. Wind
    33. PawnPawn
    34. Wind ×2
    35. Advanced Metal ExtractorT2 mex
    36. Wind ×2
    37. Radar TowerRadar Tower
    38. Wind ×2
    39. Pit BullPit Bull
    40. Construction BotCon bot
    41. Wind ×5
    42. Construction BotCon bot
    43. Wind ×7
    44. Pit BullPit Bull
    45. Wind
    46. Con turret ×2
    47. LazarusLazarus
    48. SentrySentry ×2
    49. GauntletGauntletnot finished by 15:00
    50. SentrySentry

Counts are medians over the build's games: half of them build more, half fewer. The example game is [crd]sisa's (46 OS, 04/10/2026); pick another.

Team trades

IN AT LEAST 30% OF ITS GAMES

You hand over

Nothing regular.

You get

  • Tidal Generator4 Tidal from Pondfirst at 0:11 · in 71% of games
  • Advanced Construction Bot1 T2 con bot from Tech or Geofirst at 8:26 · in 46% of games

How it plays out

Typical game of this build against the role’s standard build, running totals by minute

  • This build
  • Standard suicide front

Metal produced

010k20k
0:005:0010:0015:00

metal

Enemy metal destroyed

05k10k
0:005:0010:0015:00

metal

Own metal lost

05k10k
0:005:0010:0015:00

metal

110 games.

Show as table
ByMetal produced: This buildMetal produced: Standard suicide frontEnemy metal destroyed: This buildEnemy metal destroyed: Standard suicide frontOwn metal lost: This buildOwn metal lost: Standard suicide front
1:003112300000
2:0094488721000
3:0019222009272184130130
4:0029593110798645573501
5:00399341841509135612331000
6:00509653472180218320811708
7:00627765393768305133392597
8:00738677604606393844283503
9:00843990465296469350854376
10:009395104185796531458125163
11:0010717118946419585766855965
12:0012081136067110640676276686
13:0013781154127602687686347439
14:0014511173067984750389448212
15:0016570192928187810995828997
WHAT THE NUMBERS SAY

Won less often than the standard Suicide front build despite destroying more enemy metal.

  • + Destroys 10959 metal by 15:00 vs standard's 8295
  • + Mace committed by 2:03, far ahead of the 10% norm
  • − Own losses run higher, 11331 vs 9179 by 15:00
  • − Metal produced trails standard by 15:00, 18386 vs 20141
THE EXAMPLE YOU ARE READING

[crd]sisa

46.1 OS · 04/10/2026

Open source match ↗

7 received units · includes a constructor
78 metal received · 8862 energy received

Allied construction assistance is unknown. Timings are observations, not a promise of solo reproducibility.

Typical milestones

Bot Lab0:42Middle 50%: 0:27–0:58 · n=110
Advanced Metal Extractor10:25Middle 50%: 9:03–11:35 · n=67

Played most by

[crd]sisa49games of this buildChaoticNoob10games of this build[Fx]Doo8games of this buildHorlof5games of this buildXXMACGAMERXX4games of this build